TOP OF THE 1ST |
Myrtle Beach Mermen batting - Pitching for Sun Prairie Swallows : RHP Emory Bryant
|
Pitching: RHP Emory Bryant
|
|
Batting: RHB Maikel Cobblepot
|
0-0: Ball 1-0: Swinging Strike 1-1: Fly out, F6 (Line Drive, 56)
|
Batting: RHB Javier Robles
|
0-0: Called Strike 0-1: Ball 1-1: Foul Ball, location: 2F 1-2: Ball 2-2: Ground out 1-3 (Groundball, 23)
|
Batting: LHB Ricardo Collazo
|
0-0: Foul Ball, location: 2F 0-1: Ball 1-1: SINGLE (Groundball, 4MD)
|
Batting: RHB Jorge Reyes
|
0-0: Ball Ricardo Collazo steals 2nd base 1-0: Ball 2-0: Foul Ball, location: 2F 2-1: Swinging Strike 2-2: Ball 3-2: Ground out 5-3 (Groundball, 56)
|
Top of the 1st over - 0 run(s), 1 hit(s), 0 error(s), 1 left on base; Myrtle Beach 0 - Sun Prairie 0 |
BOTTOM OF THE 1ST |
Sun Prairie Swallows batting - Pitching for Myrtle Beach Mermen : RHP David Gómez
|
Pitching: RHP David Gómez
|
|
Batting: RHB José Silva
|
0-0: Foul Ball, location: 2F 0-1: Swinging Strike 0-2: Foul Ball, location: 2F 0-2: Ball 1-2: Fly out, F4 (Popup, 89S)
|
Batting: RHB Ghislain Vespucci
|
0-0: Called Strike 0-1: SINGLE (Groundball, 56D)
|
Batting: SHB Chris Murray
|
0-0: Ground out 4-3 (Groundball, 34S) Ghislain Vespucci to second
|
Batting: RHB Orlando Sánchez
|
0-0: Foul Ball, location: 2F 0-1: Ground out 6-3 (Groundball, 6)
|
Bottom of the 1st over - 0 run(s), 1 hit(s), 0 error(s), 1 left on base; Myrtle Beach 0 - Sun Prairie 0 |
TOP OF THE 2ND |
Myrtle Beach Mermen batting - Pitching for Sun Prairie Swallows : RHP Emory Bryant
|
Batting: SHB Avery Little
|
0-0: Called Strike 0-1: SINGLE (Line Drive, 78M)
|
Batting: LHB Juan Villanueva
|
0-0: Called Strike 0-1: Ball 1-1: Swinging Strike 1-2: Ball 2-2: Fly out, F8 (Flyball, 8RM)
|
Batting: RHB José Caballero
|
0-0: Grounds into double play, 4-6-3 (Groundball, 4)
|
Top of the 2nd over - 0 run(s), 1 hit(s), 0 error(s), 0 left on base; Myrtle Beach 0 - Sun Prairie 0 |
BOTTOM OF THE 2ND |
Sun Prairie Swallows batting - Pitching for Myrtle Beach Mermen : RHP David Gómez
|
Batting: LHB Willis Baker
|
0-0: Ball 1-0: Ball 2-0: Foul Ball, location: 2F 2-1: Ground out 2-3 (Groundball, 2L)
|
Batting: RHB Dan Hart
|
0-0: Ball 1-0: Ball 2-0: Foul Ball, location: 2F 2-1: Swinging Strike 2-2: Ball 3-2: Strikes out swinging
|
Batting: RHB Darby Carveth
|
0-0: Ball 1-0: Foul Ball, location: 2F 1-1: Fly out, F8 (Flyball, 89M)
|
Bottom of the 2nd over - 0 run(s), 0 hit(s), 0 error(s), 0 left on base; Myrtle Beach 0 - Sun Prairie 0 |
TOP OF THE 3RD |
Myrtle Beach Mermen batting - Pitching for Sun Prairie Swallows : RHP Emory Bryant
|
Batting: LHB Sergio Rodríguez
|
0-0: Ball 1-0: Ball 2-0: Called Strike 2-1: SINGLE (Groundball, 13) (infield hit)
|
Batting: SHB David Vázquez
|
0-0: Ball 1-0: Called Strike 1-1: Swinging Strike 1-2: Foul Ball, location: 2F 1-2: Foul Ball, location: 2F 1-2: Ball 2-2: Strikes out swinging
|
Batting: RHB Maikel Cobblepot
|
0-0: Ball 1-0: SINGLE (Groundball, 5L) Sergio Rodríguez to second
|
Batting: RHB Javier Robles
|
0-0: Called Strike Sergio Rodríguez steals 3rd base Maikel Cobblepot to second 0-1: SINGLE (Groundball, 5L) (infield hit) Sergio Rodríguez scores Maikel Cobblepot to third
|
Batting: LHB Ricardo Collazo
|
0-0: Fly out, F2 (Popup, 2LF)
|
Batting: RHB Jorge Reyes
|
0-0: Ball 1-0: SINGLE (Groundball, 6MD) (infield hit) Maikel Cobblepot scores Javier Robles to second
|
Batting: SHB Avery Little
|
0-0: Swinging Strike 0-1: Ground out 3-1 (Groundball, 34)
|
Top of the 3rd over - 2 run(s), 4 hit(s), 0 error(s), 2 left on base; Myrtle Beach 2 - Sun Prairie 0 |
BOTTOM OF THE 3RD |
Sun Prairie Swallows batting - Pitching for Myrtle Beach Mermen : RHP David Gómez
|
Batting: RHB Reece White
|
0-0: Ball 1-0: Ball 2-0: Ball 3-0: Called Strike 3-1: SINGLE (Line Drive, 78S)
|
Batting: RHB Alfonso López
|
0-0: Ball 1-0: Foul Ball, location: 2F 1-1: Foul Ball, location: 2F 1-2: Ball 2-2: SINGLE (Line Drive, 4M) Reece White to second
|
Batting: RHB José Silva
|
0-0: Called Strike 0-1: DOUBLE (Line Drive, 9LM) Reece White scores Alfonso López to third
|
Batting: RHB Ghislain Vespucci
|
0-0: Ball 1-0: Ball 2-0: Called Strike 2-1: Fly out, F6 (Popup, 6)
|
Batting: SHB Chris Murray
|
0-0: Ball 1-0: Ball 2-0: Ball 3-0: Foul Ball, location: 2F 3-1: Base on Balls
|
Batting: RHB Orlando Sánchez
|
0-0: Ball 1-0: SINGLE (Flyball, 89S) Alfonso López scores José Silva to third Chris Murray to second Runner from 3rd tries for Home, SAFE, no throw or cutoff
|
Batting: LHB Willis Baker
|
0-0: SINGLE (Line Drive, 8RS) Chris Murray to third Orlando Sánchez to second Runner from 3rd tries for Home, SAFE, no throw or cutoff
|
Batting: RHB Dan Hart
|
0-0: Called Strike 0-1: Ball 1-1: Ball 2-1: Ball 3-1: Swinging Strike 3-2: Foul Ball, location: 2F 3-2: Foul Ball, location: 2F 3-2: Fielders Choice at 2nd, 6-4 (Groundball, 6) Orlando Sánchez to third
|
Batting: RHB Darby Carveth
|
0-0: Called Strike 0-1: Ball 1-1: Fly out, F6 (Popup, 6S)
|
Bottom of the 3rd over - 4 run(s), 5 hit(s), 0 error(s), 2 left on base; Myrtle Beach 2 - Sun Prairie 4 |
TOP OF THE 4TH |
Myrtle Beach Mermen batting - Pitching for Sun Prairie Swallows : RHP Emory Bryant
|
Batting: LHB Juan Villanueva
|
0-0: Ball 1-0: Ball 2-0: Called Strike 2-1: Ball 3-1: Called Strike 3-2: Foul Ball, location: 2F 3-2: Ground out 4-3 (Groundball, 4)
|
Batting: RHB José Caballero
|
0-0: Foul Ball, location: 2F 0-1: SINGLE (Groundball, 34D)
|
Batting: LHB Sergio Rodríguez
|
0-0: Ball 1-0: Fly out, F9 (Flyball, 9LDF)
|
Batting: SHB David Vázquez
|
0-0: Ball José Caballero is caught stealing 2nd base
|
Top of the 4th over - 0 run(s), 1 hit(s), 0 error(s), 0 left on base; Myrtle Beach 2 - Sun Prairie 4 |
BOTTOM OF THE 4TH |
Sun Prairie Swallows batting - Pitching for Myrtle Beach Mermen : RHP David Gómez
|
Batting: RHB Reece White
|
0-0: SINGLE (Line Drive, 8RS)
|
Batting: RHB Alfonso López
|
0-0: Ball 1-0: Called Strike 1-1: Ball 2-1: Fly out, F6 (Line Drive, 6)
|
Batting: RHB José Silva
|
0-0: Ball 1-0: Called Strike 1-1: Ball 2-1: Foul Ball, location: 2F 2-2: SINGLE (Groundball, 6MD) (infield hit) Reece White to second
|
Batting: RHB Ghislain Vespucci
|
0-0: DOUBLE (Line Drive, 5D) Reece White scores José Silva to third Runner from 3rd tries for Home, SAFE, no throw or cutoff
|
Pitching: RHP Leonard Hall
|
|
Batting: SHB Chris Murray
|
0-0: Ball 1-0: Fly out, F8 (Flyball, 8RXD) Runner from 2nd tags up, SAFE at 3rd, no throw
|
Batting: RHB Orlando Sánchez
|
0-0: Ball 1-0: Swinging Strike 1-1: Ball 2-1: Foul Ball, location: 2F 2-2: Foul Ball, location: 2F 2-2: Ball Wild Pitch! Ghislain Vespucci scores 3-2: Strikes out looking
|
Bottom of the 4th over - 3 run(s), 3 hit(s), 0 error(s), 0 left on base; Myrtle Beach 2 - Sun Prairie 7 |
TOP OF THE 5TH |
Myrtle Beach Mermen batting - Pitching for Sun Prairie Swallows : RHP Emory Bryant
|
Batting: SHB David Vázquez
|
0-0: Ground out 3-1 (Groundball, 34)
|
Batting: RHB Maikel Cobblepot
|
0-0: Ground out 4-3 (Groundball, 4)
|
Batting: RHB Javier Robles
|
0-0: Ball 1-0: Ball 2-0: SINGLE (Line Drive, 4M)
|
Batting: LHB Ricardo Collazo
|
0-0: Ball Javier Robles steals 2nd base 1-0: Called Strike 1-1: Ball 2-1: Ball 3-1: Base on Balls
|
Batting: RHB Jorge Reyes
|
0-0: Ground out 5-3 (Groundball, 5L)
|
Top of the 5th over - 0 run(s), 1 hit(s), 0 error(s), 2 left on base; Myrtle Beach 2 - Sun Prairie 7 |
BOTTOM OF THE 5TH |
Sun Prairie Swallows batting - Pitching for Myrtle Beach Mermen : RHP Leonard Hall
|
Batting: LHB Willis Baker
|
0-0: Ball 1-0: SINGLE (Line Drive, 8LS)
|
Batting: RHB Dan Hart
|
0-0: Bunted foul 0-1: Bunted foul 0-2: Strikes out swinging
|
Batting: RHB Darby Carveth
|
0-0: Foul Ball, location: 2F 0-1: Fly out, F9 (Flyball, 89M)
|
Batting: RHB Reece White
|
0-0: Called Strike 0-1: Foul Ball, location: 2F 0-2: Strikes out swinging
|
Bottom of the 5th over - 0 run(s), 1 hit(s), 0 error(s), 1 left on base; Myrtle Beach 2 - Sun Prairie 7 |
TOP OF THE 6TH |
Myrtle Beach Mermen batting - Pitching for Sun Prairie Swallows : RHP Emory Bryant
|
Batting: SHB Avery Little
|
0-0: Ball 1-0: Swinging Strike 1-1: Fly out, F8 (Flyball, 8LM)
|
Batting: LHB Juan Villanueva
|
0-0: Swinging Strike 0-1: Ball 1-1: Swinging Strike 1-2: Foul Ball, location: 2F 1-2: Ball 2-2: Ball 3-2: Foul Ball, location: 2F 3-2: Strikes out swinging
|
Batting: RHB José Caballero
|
0-0: Fly out, F9 (Flyball, 9LM)
|
Top of the 6th over - 0 run(s), 0 hit(s), 0 error(s), 0 left on base; Myrtle Beach 2 - Sun Prairie 7 |
BOTTOM OF THE 6TH |
Sun Prairie Swallows batting - Pitching for Myrtle Beach Mermen : RHP Leonard Hall
|
Batting: RHB Alfonso López
|
0-0: SINGLE (Line Drive, 7S)
|
Batting: RHB José Silva
|
0-0: Sac Bunt - play at first, batter OUT! 1-4 Alfonso López to second
|
Batting: RHB Ghislain Vespucci
|
0-0: Ground out 6-3 (Groundball, 6) Alfonso López to third
|
Batting: SHB Chris Murray
|
0-0: Ball 1-0: Foul Ball, location: 2F 1-1: Swinging Strike 1-2: SINGLE (Groundball, 2R) (infield hit) Alfonso López scores
|
Batting: RHB Orlando Sánchez
|
0-0: Ball 1-0: Ball 2-0: Ball 3-0: Called Strike 3-1: Base on Balls Chris Murray to second
|
Batting: LHB Willis Baker
|
0-0: Ball 1-0: Ball 2-0: Foul Ball, location: 2F 2-1: Swinging Strike 2-2: Fielders Choice at 2nd, U4 (Groundball, 4M)
|
Bottom of the 6th over - 1 run(s), 2 hit(s), 0 error(s), 2 left on base; Myrtle Beach 2 - Sun Prairie 8 |
TOP OF THE 7TH |
Myrtle Beach Mermen batting - Pitching for Sun Prairie Swallows : RHP Emory Bryant
|
Batting: LHB Sergio Rodríguez
|
0-0: Ball 1-0: Ball 2-0: Ball 3-0: Called Strike 3-1: Swinging Strike 3-2: Base on Balls
|
Batting: SHB David Vázquez
|
0-0: Ball 1-0: Called Strike 1-1: Ball 2-1: Swinging Strike 2-2: Grounds into double play, 1-6-3 (Groundball, 15)
|
Batting: RHB Maikel Cobblepot
|
0-0: Ball 1-0: Ground out 1-3 (Groundball, 13)
|
Top of the 7th over - 0 run(s), 0 hit(s), 0 error(s), 0 left on base; Myrtle Beach 2 - Sun Prairie 8 |
BOTTOM OF THE 7TH |
Sun Prairie Swallows batting - Pitching for Myrtle Beach Mermen : RHP Leonard Hall
|
Batting: RHB Dan Hart
|
0-0: Ground out 6-3 (Groundball, 6)
|
Batting: RHB Darby Carveth
|
0-0: Ball 1-0: Ball 2-0: Ground out 5-3 (Groundball, 5L)
|
Batting: RHB Reece White
|
0-0: Foul Ball, location: 2F 0-1: Swinging Strike 0-2: Ball 1-2: Ball 2-2: Ground out 6-3 (Groundball, 6)
|
Bottom of the 7th over - 0 run(s), 0 hit(s), 0 error(s), 0 left on base; Myrtle Beach 2 - Sun Prairie 8 |
TOP OF THE 8TH |
Myrtle Beach Mermen batting - Pitching for Sun Prairie Swallows : RHP Emory Bryant
|
Batting: RHB Javier Robles
|
0-0: Reached on error, E3 (Groundball, 34S)
|
Batting: LHB Ricardo Collazo
|
0-0: Ball 1-0: Called Strike 1-1: Fly out, F7 (Flyball, 78S)
|
Pitching: RHP Horacio Pérez
|
|
Batting: RHB Jorge Reyes
|
0-0: Fly out, F3 (Popup, 3F)
|
Batting: SHB Avery Little
|
0-0: Foul Ball, location: 2F 0-1: Ball 1-1: Ball 2-1: Ball 3-1: Swinging Strike 3-2: Strikes out swinging
|
Top of the 8th over - 0 run(s), 0 hit(s), 1 error(s), 1 left on base; Myrtle Beach 2 - Sun Prairie 8 |
BOTTOM OF THE 8TH |
Sun Prairie Swallows batting - Pitching for Myrtle Beach Mermen : RHP Leonard Hall
|
Batting: RHB Alfonso López
|
0-0: SINGLE (Flyball, 8LS)
|
Batting: RHB José Silva
|
0-0: Sac Bunt - play at first, batter OUT! 1-3 Alfonso López to second
|
Batting: RHB Ghislain Vespucci
|
0-0: Ball 1-0: Foul Ball, location: 2F 1-1: Foul Ball, location: 2F 1-2: Ball 2-2: Fly out, F8 (Line Drive, 8LM)
|
Batting: SHB Chris Murray
|
0-0: Ball 1-0: Called Strike 1-1: Foul Ball, location: 2F 1-2: Foul Ball, location: 2F 1-2: Ground out 4-3 (Groundball, 34)
|
Bottom of the 8th over - 0 run(s), 1 hit(s), 0 error(s), 1 left on base; Myrtle Beach 2 - Sun Prairie 8 |
TOP OF THE 9TH |
Myrtle Beach Mermen batting - Pitching for Sun Prairie Swallows : RHP Horacio Pérez
|
Now at C: John Townsend
|
|
Now at 1B: Luis Hernández
|
|
Batting: LHB Juan Villanueva
|
0-0: Ball 1-0: Called Strike 1-1: SINGLE (Line Drive, 8RS)
|
Batting: RHB José Caballero
|
0-0: Foul Ball, location: 2F 0-1: Ball 1-1: Called Strike 1-2: Ball 2-2: Fielders Choice at 2nd, 3-6 (Groundball, 34)
|
Batting: LHB Sergio Rodríguez
|
0-0: Ball 1-0: Foul Ball, location: 2F 1-1: Fielders Choice at 2nd, 3-6 (Groundball, 3)
|
Batting: SHB David Vázquez
|
0-0: Fly out, F7 (Flyball, 7LM)
|
Top of the 9th over - 0 run(s), 1 hit(s), 0 error(s), 1 left on base; Myrtle Beach 2 - Sun Prairie 8 |
|